[Event "FIDE World Junior U20-ch Girls 2025"]
[Site "Petrovac"]
[Date "2025.03.03"]
[Round "7.41"]
[White "Romany, Joy"]
[Black "Popovic, Mateja"]
[Result "1/2-1/2"]
[Annotator "NA COMBH"]
[ECO "E05"]
[WhiteElo "2025"]
[BlackElo "1917"]
[PlyCount "159"]
[EventDate "2025.02.23"]
[EventType "swiss"]
[EventCountry "MNE"]
[SourceTitle "playchess.com"]
[Source "ChessBase"]
[SourceQuality "1"]
[TimeControl "40/5400+30:1800+30"]

1. d4 d5 2. c4 e6 3. g3 Nf6 4. Bg2 Be7 5. Nf3 O-O 6. O-O dxc4 7. Qc2 a6 8. a4 Bd7 9. Qxc4 Bc6 10. Bg5 Nbd7 11. Nc3 h6 12. Bxf6 Nxf6 13. Rfe1 Nd5 14. e4 Nb4 15. Rad1 Bxa4 16. Nxa4 b5 17. Qb3 bxa4 18. Qxa4 Qe8 19. Qb3 Rb8 20. Qc4 Bd6 21. e5 Be7 22. Qxc7 Rc8 23. Qa5 Rc2 24. Rd2 Qc8 25. Qa4 Rxd2 26. Nxd2 Rd8 27. Nf3 Qc7 28. Bf1 a5 29. Ra1 Qc6 30. Qxc6 Nxc6 31. Rd1 Bc5 32. Rc1 Nxd4 33. Rxc5 Nxf3+ 34. Kg2 Ne1+ 35. Kh3 Rd5 36. Rxd5 exd5 37. Kg4 g5 38. Kf5 Kf8 39. h4 gxh4 40. gxh4 Nf3 41. h5 Ke7 42. Kf4 Nd4 43. Ke3 Nf5+ 44. Kf4 Ng7 45. Be2 f6 46. Bg4 Kf7 47. exf6 Kxf6 48. Bf3 Ne6+ 49. Ke3 Ke5 50. Bd1 Nf4 51. Bf3 d4+ 52. Kd2 Kd6 53. Be2 Kc5 54. Bd1 Kc4 55. Kc2 Nh3 56. Be2+ Kd5 57. Bd3 Nxf2 58. Bg6 Ne4 59. Bf7+ Kc5 60. Bg6 Nd6 61. Kb3 Nc4 62. Kc2 Ne5 63. Kb3 Kb5 64. Be8+ Kc5 65. Bg6 Kb6 66. Ka4 Nc4 67. b4 axb4 68. Kxb4 Ne5 69. Be8 Kc7 70. Bg6 Kd6 71. Be4 Ng4 72. Kc4 Ke5 73. Bg6 Nf6 74. Kd3 Nd5 75. Ke2 Nb4 76. Kf3 Na2 77. Bh7 Nc3 78. Bg6 Nd5 79. Bh7 Nf4 {[%emt 0:00:36] Check Result:-0.51} 80. Bg6 1/2-1/2

[Event "FIDE World Junior U20-ch Girls 2025"]
[Site "Petrovac"]
[Date "2025.03.03"]
[Round "7.42"]
[White "Morales Perez, Ghisell"]
[Black "Trifoi, Mihaela-Ioana"]
[Result "0-1"]
[Annotator "NA COMBH"]
[ECO "B13"]
[WhiteElo "1902"]
[BlackElo "1990"]
[PlyCount "92"]
[EventDate "2025.02.23"]
[EventType "swiss"]
[EventCountry "MNE"]
[SourceTitle "playchess.com"]
[Source "ChessBase"]
[SourceQuality "1"]
[TimeControl "40/5400+30:1800+30"]

1. e4 c6 2. d4 d5 3. exd5 cxd5 4. Bd3 Nf6 5. c3 Bg4 6. Qb3 Qc7 7. h3 Bh5 8. g4 Bg6 9. Bxg6 hxg6 10. g5 Nh5 11. Qxd5 Nc6 12. Ne2 e6 13. Qe4 Rd8 14. Nd2 Be7 15. Nf3 Qa5 16. Be3 Qf5 17. Nd2 e5 18. a3 Qxe4 19. Nxe4 f5 20. gxf6 gxf6 21. dxe5 Nxe5 22. Bxa7 Nd3+ 23. Kf1 f5 24. Nd2 Nxf2 25. Bxf2 Rxd2 26. b4 Kf7 27. a4 Re8 28. Nd4 Bf6 29. Be1 Rd3 30. Ne2 Rde3 31. Rh2 Be5 32. Rg2 Rxh3 33. Rd1 Re7 34. c4 f4 35. Nd4 Rh1+ 36. Rg1 Rxg1+ 37. Kxg1 Bxd4+ 38. Rxd4 Rxe1+ 39. Kf2 Re7 40. c5 g5 41. Rd5 Kg6 42. b5 Nf6 43. Rd6 Kf5 44. Kf1 Ne4 45. Rd5+ Kg4 46. a5 {[%emt 0:01:34] Check Result:-#5} Ng3+ 0-1

[Event "FIDE World Junior U20-ch Girls 2025"]
[Site "Petrovac"]
[Date "2025.03.03"]
[Round "7.43"]
[White "Djendjinovic, Ines"]
[Black "Ostensson, Julia"]
[Result "1/2-1/2"]
[Annotator "NA"]
[ECO "A45"]
[WhiteElo "1841"]
[BlackElo "1979"]
[PlyCount "58"]
[EventDate "2025.02.23"]
[EventType "swiss"]
[EventCountry "MNE"]
[SourceTitle "playchess.com"]
[Source "ChessBase"]
[SourceQuality "1"]
[TimeControl "40/5400+30:1800+30"]

1. d4 Nf6 2. Bg5 g6 3. Bxf6 exf6 4. c4 d5 5. cxd5 Qxd5 6. Nc3 Qd8 7. e3 Bd6 8. Bc4 O-O 9. Nf3 Nd7 10. O-O f5 11. Rc1 c6 12. a3 Re8 13. d5 c5 14. Re1 Nf6 15. Qc2 a6 16. a4 Ne4 17. Bd3 Qe7 18. a5 Bd7 19. Na4 Bxa4 20. Qxa4 Rad8 21. Bc4 g5 22. g3 Qf6 23. Qc2 Bc7 24. Ra1 Bd6 25. Rac1 Re7 26. b3 Rde8 27. Bd3 h6 28. Nd2 Nxd2 29. Qxd2 Re5 1/2-1/2

[Event "FIDE World Junior U20-ch Girls 2025"]
[Site "Petrovac"]
[Date "2025.03.03"]
[Round "7.44"]
[White "Vujatovic, Irina"]
[Black "Djukic, Katarina"]
[Result "1-0"]
[Annotator "NA COMBH"]
[ECO "B52"]
[WhiteElo "2042"]
[BlackElo "1786"]
[PlyCount "119"]
[EventDate "2025.02.23"]
[EventType "swiss"]
[EventCountry "MNE"]
[SourceTitle "playchess.com"]
[Source "ChessBase"]
[SourceQuality "1"]
[TimeControl "40/5400+30:1800+30"]

1. e4 c5 2. Nf3 d6 3. Bb5+ Bd7 4. Bxd7+ Qxd7 5. O-O Nc6 6. c3 d5 7. d3 e6 8. Qe2 Nge7 9. h4 h5 10. Be3 Ng6 11. Na3 Be7 12. g3 O-O-O 13. Rfd1 Kb8 14. Nc2 Qc7 15. Ng5 Bf6 16. d4 cxd4 17. Nxd4 Nxd4 18. cxd4 Qe7 19. e5 Bxg5 20. Bxg5 f6 21. Be3 Qf7 22. Rdc1 Rc8 23. Rxc8+ Kxc8 24. Rc1+ Kb8 25. Bd2 fxe5 26. dxe5 Ne7 27. Bb4 Nc6 28. Bd6+ Ka8 29. Qd3 g5 30. hxg5 h4 31. g6 Qg7 32. g4 Rh6 33. Rc2 Rxg6 34. f3 h3 35. b4 Qg8 36. b5 Nb8 37. Kh2 Rh6 38. Qd4 Rh7 39. Qd2 Qe8 40. a4 Rf7 41. f4 Rg7 42. g5 Rh7 43. Qc3 Qf7 44. Rf2 Rh8 45. f5 exf5 46. Qc7 Qh5 47. e6 Qxg5 48. Bg3 Rg8 49. Qf4 Qg6 50. e7 Qf7 51. Re2 Qg6 52. Re5 Re8 53. Qxf5 Qg7 54. Qg5 Qh7 55. Qh5 Qg8 56. Qg5 Qf7 57. Qf4 Qg7 58. Re2 Nd7 59. Qc7 Nb8 {[%emt 0:01:07] Check Result:3.85} 60. Qxb8+ 1-0

[Event "FIDE World Junior U20-ch Girls 2025"]
[Site "Petrovac"]
[Date "2025.03.03"]
[Round "7.45"]
[White "Li, Anna Sofie"]
[Black "Karacsonyi, Luca"]
[Result "1-0"]
[Annotator "NA COMBH"]
[ECO "B48"]
[WhiteElo "2016"]
[BlackElo "2026"]
[PlyCount "53"]
[EventDate "2025.02.23"]
[EventType "swiss"]
[EventCountry "MNE"]
[SourceTitle "playchess.com"]
[Source "ChessBase"]
[SourceQuality "1"]
[TimeControl "40/5400+30:1800+30"]

1. e4 c5 2. Nf3 e6 3. d4 cxd4 4. Nxd4 Nc6 5. Nc3 Qc7 6. Be3 a6 7. a3 b5 8. Nxc6 Qxc6 9. Bd3 Nf6 10. f4 b4 11. axb4 Bxb4 12. Bd2 Bxc3 13. Bxc3 Nxe4 14. Bxg7 Rg8 15. Qh5 Rxg7 16. Qe5 Nf6 17. Qxf6 Rxg2 18. O-O-O Bb7 19. f5 Rf2 20. Rhg1 d5 21. Rg8+ Kd7 22. Qxf7+ Kd6 23. Qxe6+ Kc7 24. Rg7+ Kb8 25. Qe3 d4 26. Rxb7+ Qxb7 {[%emt 0:01:41] Check Result:#24} 27. Qxf2 1-0

[Event "FIDE World Junior U20-ch Girls 2025"]
[Site "Petrovac"]
[Date "2025.03.03"]
[Round "7.46"]
[White "Blauhut, Anna"]
[Black "Popova, Kira"]
[Result "1-0"]
[Annotator "NA"]
[ECO "C54"]
[WhiteElo "1837"]
[BlackElo "1534"]
[PlyCount "59"]
[EventDate "2025.02.23"]
[EventType "swiss"]
[EventCountry "MNE"]
[SourceTitle "playchess.com"]
[Source "ChessBase"]
[SourceQuality "1"]
[TimeControl "40/5400+30:1800+30"]

1. e4 e5 2. Nf3 Nc6 3. Bc4 Bc5 4. c3 Nf6 5. d3 d6 6. Bb3 h6 7. Nbd2 O-O 8. h3 Re8 9. Nf1 d5 10. Qe2 dxe4 11. dxe4 Nh5 12. Bxf7+ Kxf7 13. Qc4+ Be6 14. Qxc5 Nf4 15. Bxf4 exf4 16. N1d2 Bd5 17. O-O Be6 18. Rad1 Qf6 19. Qh5+ Kg8 20. e5 Qe7 21. Rfe1 Bxa2 22. b3 Qe6 23. c4 Nb4 24. Nd4 Qb6 25. Ne4 c5 26. Nf6+ gxf6 27. Qg6+ Kf8 28. Qxh6+ Kf7 29. Qh7+ Kf8 30. Nf5 1-0